 Dungeon Crawl Stone Soup version 0.27-a0-1200-g94dc6ad4cf (webtiles) character file.

Game seed: 6791318949587364659

188 Delamore the Shield-Bearer (level 6, -3/49 HPs)
             Began as a Formicid Fighter on May 29, 2021.
             Was an Initiate of Okawaru.
             Slain by a black bear (6 damage)
             ... on level 4 of the Dungeon.
             The game lasted 00:04:55 (3611 turns).

Delamore the Shield-Bearer (Formicid Fighter)       Turns: 3611, Time: 00:04:56

Health: -3/49      AC:  8    Str: 23    XL:     6   Next: 0%
Magic:  6/6        EV:  8    Int:  7    God:    Okawaru [......]
Gold:   1257       SH: 10    Dex: 10    Spells: 5/5 levels left

rFire    . . .     SeeInvis +   a - +0 trident
rCold    . . .     Faith    .   c - +0 kite shield
rNeg     . . .     Spirit   .   b - +0 scale mail
rPois    .         Reflect  .   (helmet unavailable)
rElec    .         Harm     .   j - +0 cloak
rCorr    .         Rampage  .   (no gloves)
Will     +....                  (no boots)
Stlth    ..........             (no amulet)
HPRegen  0.16/turn              i - ring of willpower
MPRegen  0.10/turn              (no ring)

@: no status effects
A: permanent stasis, dig shafts and tunnels, antennae 3, four strong arms
a: Dig, Shaft Self, Renounce Religion


You were on level 4 of the Dungeon.
You worshipped Okawaru.
Okawaru was noncommittal.
You visited 2 branches of the dungeon, and saw 5 of its levels.

You collected 1257 gold pieces.

Inventory:

Hand Weapons
 a - a +0 trident (weapon)
Missiles
 l - 27 poisoned darts (quivered)
Armour
 b - a +0 scale mail (worn)
 c - a +0 kite shield (worn)
 j - a +0 cloak (worn)
Jewellery
 i - a ring of willpower (left hand)
 q - an amulet of faith
Wands
 h - a wand of iceblast (3)
Scrolls
 g - a scroll of enchant armour {unknown}
 k - a scroll of identify {unknown}
 m - a scroll of amnesia
 n - a scroll of magic mapping {unknown}
Potions
 d - a potion of might


   Skills:
 + Level 4.3 Fighting
 * Level 4.2 Polearms
 - Level 3.2 Armour
 + Level 4.8 Shields


You had 5 spell levels left.
You didn't know any spells.
Your spell library contained the following spells:

 Spells                   Type           Power      Damage    Failure   Level
 Sandblast                Erth           0%         2d4       96%         1
 Passwall                 Tmut/Erth      0%         N/A       99%         2
 Stone Arrow              Conj/Erth      0%         3d7       100%        3
 Petrify                  Tmut/Erth      0%         N/A       100%        4
 Lee's Rapid Deconstruct  Erth           0%         3d5*      100%        5


Dungeon Overview and Level Annotations

Branches:
Dungeon (4/15)             Temple (1/1) D:4

Altars:
Ashenzari
Cheibriados
Dithmenos
Elyvilon
Fedhas
Gozag
Hepliaklqana
Kikubaaqudgha
Makhleb
Nemelex Xobeh
Okawaru
Ru
Sif Muna
Trog
Uskayaw
Vehumet
Wu Jian
Xom
Yredelemnul
Zin


Innate Abilities, Weirdness & Mutations

You cannot be hasted, slowed, berserked, paralysed or teleported.
You can dig through walls and to a lower floor.
You have a pair of large antennae on your head. (SInv)
Your four strong arms can wield two-handed weapons with a shield.


Message History

The black bear closely misses you. The black bear barely misses you.
The black bear claws you.
* * * LOW HITPOINT WARNING * * *
The black bear misses you. The black bear misses you.
The black bear closely misses you.
The black bear claws you but does no damage.
The black bear bites you!
* * * LOW HITPOINT WARNING * * *
The black bear claws you but does no damage. x2
It was a potion of haste.
Your stasis prevents you from being hasted.
The black bear closely misses you. The black bear barely misses you.
The black bear claws you but does no damage.
It was a potion of curing.
You feel better.
You feel less invigorated. The black bear bites you.
You block the black bear's attack.
The black bear claws you but does no damage.
You block the black bear's attack. The black bear closely misses you.
The black bear barely misses you.
You hit the black bear but do no damage.
The black bear is severely wounded.
The black bear bites you.
* * * LOW HITPOINT WARNING * * *
The black bear claws you.
* * * LOW HITPOINT WARNING * * *
You block the black bear's attack.
The black bear bites you but does no damage.
The black bear barely misses you. x2
You hit the black bear.
The black bear is severely wounded.
The black bear bites you.
* * * LOW HITPOINT WARNING * * *
The black bear claws you but does no damage. x2
You completely miss the black bear.
The black bear is severely wounded.
You block the black bear's attack.
The black bear claws you but does no damage. x2
The black bear bites you.
* * * LOW HITPOINT WARNING * * *
The black bear claws you.
You die...

.. ... .... #
#...#########.##..
#..............(..
+........h...((...
#.......@.........
#...##...##..###..
#...##...##..#
#....#......... {
#....'..........
#....#...........
#...##.......##..
######...##########
...............


You could see a black bear (berserk).

Vanquished Creatures
  2 iguanas
  6 adders
  2 dart slugs
  An orc (D:3)
  6 bats
  5 endoplasms
  2 giant cockroaches
  4 goblins
  7 hobgoblins
  11 jackals (D:1)
  3 quokkas
  7 ball pythons
  9 frilled lizards
  7 kobolds
  6 rats
78 creatures vanquished.

Notes
Turn   | Place    | Note
-------+----------+-------------------------------------------
     0 | D:1      | Delamore the Formicid Fighter began the quest for the Orb.
     0 | D:1      | Reached XP level 1. HP: 18/18 MP: 1/1
   236 | D:1      | Reached XP level 2. HP: 24/24 MP: 2/2
   455 | D:1      | Reached XP level 3. HP: 29/29 MP: 3/3
  1348 | D:2      | Reached XP level 4. HP: 33/37 MP: 4/4
  2432 | D:2      | Reached XP level 5. HP: 42/42 MP: 5/5
  2723 | D:3      | Found a faded altar of an unknown god.
  3125 | D:3      | Identified 2 scrolls of acquirement
  3125 | D:3      | Acquired 874 gold pieces
  3127 | D:3      | Acquired 260 gold pieces
  3355 | D:4      | Found a staircase to the Ecumenical Temple.
  3366 | D:4      | Reached XP level 6. HP: 43/49 MP: 6/6
  3370 | Temple   | Entered the Ecumenical Temple
  3533 | Temple   | Became a worshipper of Warmaster Okawaru
  3588 | D:4      | Noticed a black bear
  3611 | D:4      | Slain by a black bear

Illustrated notes

Levels and vault maps discovered:
D:1:      dpeg_arrival_rooms_with_view, layout_loops_corners, minivault_5,
          kennysheep_decorative_pillar, due_unseen_surprise
D:2:      minmay_angry_zag, layout_basic
D:3:      layout_loops_ring, shapermc_ecumenical_altar_mp_urbaneastern
D:4:      layout_gridville, minmay_temple_entry_statues_pillars
Temple:   regret_index_temple_chain_breaker

Skill      XL: |  1  2  3  4  5 |
---------------+----------------+-----
Shields        | 4 |  4.8
Polearms       | 3 4 |  4.2
Fighting       | 4 |  4.3
Armour         | |  3.2

Action                   |  1- 3 |  4- 6 || total
-------------------------+-------+-------++-------
Melee: Trident           |   129 |   143 ||   272
Throw: Dart              |       |     4 ||     4
 Abil: Dig               |       |     2 ||     2
  Use: Scroll            |       |     4 ||     4
       Potion            |       |     3 ||     3
Armor: Scale mail        |    66 |    57 ||   123
Dodge: Dodged            |    45 |    55 ||   100
Block: Kite shield       |    76 |    68 ||   144

Table legend: (Time is in decaauts)
 A = Elapsed time spent in this place.
 B = Non-inter-level travel time spent in this place.
 C = Inter-level travel time spent in this place.
 D = Time resting spent in this place.
 E = Time spent auto-exploring this place.
 F = Levels seen in this place.
 G = Mean time per level.
                   A        B        C        D        E       F      G
               +--------+--------+--------+--------+--------+-----+--------+
         Total |   3693 |   3629 |     64 |    353 |   2680 |   5 |  738.6 |
       Dungeon |   3510 |   3468 |     42 |    353 |   2521 |   4 |  877.5 |
        Temple |    183 |    161 |     22 |      0 |    159 |   1 |  183.0 |
               +--------+--------+--------+--------+--------+-----+--------+

Top non-repeatable levels by time:
     D:1: 1359 daAuts
     D:2: 1234 daAuts
     D:3: 828 daAuts
  Temple: 183 daAuts
     D:4: 88 daAuts
